 Dungeon Crawl Stone Soup version 0.18-a0-29-gce27f3c (webtiles) character file.

1016 Hanyuu the Insei (level 8, -5/52 HPs)
             Began as an Octopode Transmuter on Nov 4, 2015.
             Was an Initiate of Sif Muna.
             Killed by nerve-wracking pain
             ... invoked by Grinder
              (7 damage)
             ... on level 4 of the Dungeon.
             The game lasted 00:12:52 (5754 turns).

Hanyuu the Insei (Octopode Transmuter)              Turns: 5754, Time: 00:12:52

Health: -5/52      AC:  2    Str: 10    XL:     8   Next: 21%
Magic:  0/12       EV: 22    Int: 17    God:    Sif Muna [......]
Gold:   184        SH:  0    Dex: 17    Spells: 3 memorised, 6 levels left

rFire  . . .     SeeInvis +       - Unarmed
rCold  . . .     Clarity  .     (shield currently unavailable)
rNeg   . . .     SustAt   .     (helmet currently unavailable)
rPois  x         Gourm    .     g - amulet of guardian spirit
rElec  .         Spirit   +     i - ring of see invisible
rCorr  .         Warding  .     (no ring)
rMut   .         Stasis   .     (no ring)
MR     .....                    (no ring)
Stlth  ++........               (no ring)
                                (no ring)
                                (no ring)
                                (no ring)

@: spider-form, not resistant to hostile enchantments, unstealthy
A: almost no armour, amphibious, 8 rings, (constrict 8), (camouflage 0),
(gelatinous body 0)
a: End Transformation, Renounce Religion


You were on level 4 of the Dungeon.
You worshipped Sif Muna.
Sif Muna was noncommittal.
You were hungry.
You were a venomous arachnid creature.
You visited 1 branch of the dungeon, and saw 5 of its levels.

You collected 184 gold pieces.

Inventory:

Missiles
 a - 45 arrows
 u - 14 poisoned arrows
 v - 7 poisoned needles
Jewellery
 g - an amulet of guardian spirit (around neck)
 i - a ring of see invisible (left front leg)
 m - an uncursed amulet of stasis
Scrolls
 d - 2 scrolls of recharging {unknown}
 f - 2 scrolls of amnesia {unknown}
 j - 2 scrolls of fog
 k - 5 scrolls of remove curse
 l - 3 scrolls of noise
 p - a scroll of identify
 q - a scroll of enchant weapon {unknown}
 s - a scroll of teleportation {unknown}
 t - a scroll of magic mapping
 z - a scroll of immolation {unknown}
Potions
 e - 3 potions of mutation
 h - 2 potions of magic
 o - a potion of haste {unknown}
Books
 b - a book of Changes

   Spells                             Type                      Level
   a - Beastly Appendage              Transmutation                1
   b - Sticks to Snakes               Transmutation                2
   c - Spider Form                    Transmutation/Poison         3
   d - Ice Form                       Ice/Transmutation            4
   e - Blade Hands                    Transmutation                5
 y - a book of the Tempests

   Spells                             Type                      Level
   a - Static Discharge               Conjuration/Air              3
   b - Lightning Bolt                 Conjuration/Air              5
   c - Fireball                       Conjuration/Fire             5
   d - Tornado                        Air                          9
   e - Shatter                        Earth                        9
Comestibles
 c - 4 bread rations
 n - 3 meat rations
 w - a beef jerky


   Skills:
 + Level 3.0 Fighting
 - Level 4.0 Dodging
 + Level 7.3 Unarmed Combat
 + Level 2.7 Spellcasting
 - Level 4.0 Transmutations
 - Level 1.0 Poison Magic


You had 6 spell levels left.
You knew the following spells:

 Your Spells              Type           Power        Failure   Level  Hunger
a - Beastly Appendage     Trmt           ###...       12%         1    #......
b - Sticks to Snakes      Trmt           ###.......   17%         2    ##.....
c - Spider Form           Trmt/Pois      ##........   41%         3    ###....


Dungeon Overview and Level Annotations

Branches:
Dungeon (5/15)
 Temple: D:4-7

Altars:
Dithmenos
Qazlal
Ru
Sif Muna
Trog
Xom
Yredelemnul
Zin

Annotations:
D:4 Grinder


Innate Abilities, Weirdness & Mutations

You cannot wear most types of armour.
You are amphibious.
You can wear up to eight rings at the same time.
((You can use your tentacles to constrict eight enemies at once.))
((Your skin changes colour to match your surroundings (Stealth).))
((Your rubbery body absorbs attacks (AC +1).))


Message History

Grinder completely misses you.
You hit Grinder.
Grinder is heavily wounded.
Grinder gestures at you.
You suddenly lose the ability to move!
Grinder hits you!
You writhe in agony.
* * * LOW HITPOINT WARNING * * *
Grinder gestures at you. Pain shoots through your body!
* * * LOW HITPOINT WARNING * * *
Grinder hits you.
* * * LOW HITPOINT WARNING * * *
You writhe in agony.
* * * LOW HITPOINT WARNING * * *
You can move again.
You closely miss Grinder.
Grinder is heavily wounded.
Grinder gestures at you. Pain shoots through your body!
You die...

#. #.# #### #.####.#
...###########<...#.###
...+...5........).>...#
...##########...#.#.#.#
...# #........#.#.#
...# #..........#.#
#### #......5####.#
#[.....s(....#
........######
......?.# ..####### .
######


You could see Grinder.

Vanquished Creatures
  A water moccasin (D:5)
  A phantom (D:5)
  2 ice beasts (D:5)
  A centaur (D:3)
  Blork the orc (D:4)
  A scorpion (D:5)
  2 jellies
  2 hounds
  An orc priest (D:3)
  A giant frog skeleton (D:4)
  2 worker ants (D:4)
  Natasha (twice) (D:4)
  An iguana (D:5)
  A hound skeleton (D:4)
  6 adders
  An ooze (D:4)
  6 worms
  4 giant geckos
  10 orcs
  A ball python (D:1)
  2 giant cockroaches
  6 hobgoblins
  A quokka (D:3)
  4 bats
  2 giant newts (D:1)
  6 goblins
  4 jackals (D:2)
  6 kobolds
  A quokka zombie (D:5)
  4 rats
83 creatures vanquished.

Vanquished Creatures (others)
  A plant (D:4)
1 creature vanquished.

Grand Total: 84 creatures vanquished

Notes
Turn   | Place    | Note
--------------------------------------------------------------
     0 | D:1      | Hanyuu the Octopode Transmuter began the quest for the Orb.
     0 | D:1      | Reached XP level 1. HP: 13/13 MP: 3/3
   362 | D:1      | Reached XP level 2. HP: 8/18 MP: 5/5
  1096 | D:2      | Reached skill level 4 in Unarmed Combat
  1100 | D:2      | Reached XP level 3. HP: 12/23 MP: 4/6
  1107 | D:2      | Learned a level 2 spell: Sticks to Snakes
  1111 | D:2      | Learned a level 3 spell: Spider Form
  1404 | D:2      | Reached skill level 1 in Poison Magic
  1679 | D:2      | Found a deep blue altar of Sif Muna.
  1682 | D:2      | Became a worshipper of Sif Muna the Loreminder
  1808 | D:3      | Noticed a centaur
  2122 | D:2      | Reached XP level 4. HP: 17/28 MP: 5/7
  2537 | D:3      | Found a shadowy altar of Dithmenos.
  2620 | D:3      | Killed a centaur
  2620 | D:3      | Reached skill level 5 in Unarmed Combat
  2620 | D:3      | Reached XP level 5. HP: 21/35 MP: 3/8
  2707 | D:3      | Found a shimmering altar of Xom.
  2986 | D:3      | Reached XP level 6. HP: 26/42 MP: 4/9
  2997 | D:3      | HP: 1/42 [acid (5)]
  3690 | D:3      | Found a basalt altar of Yredelemnul.
  3724 | D:3      | Found a sacrificial altar of Ru.
  3864 | D:4      | Found a glowing silver altar of Zin.
  3865 | D:4      | Found a bloodstained altar of Trog.
  3867 | D:4      | Found a stormy altar of Qazlal.
  4119 | D:4      | Noticed Natasha
  4127 | D:4      | Killed Natasha
  4127 | D:4      | Reached skill level 6 in Unarmed Combat
  4132 | D:4      | Noticed Natasha
  4141 | D:4      | Killed Natasha
  4211 | D:4      | Noticed Blork the orc
  4296 | D:4      | Noticed Grinder
  4330 | D:4      | Reached XP level 7. HP: 31/46 MP: 6/10
  4522 | D:4      | Killed Blork the orc
  4551 | D:5      | Entered Level 5 of the Dungeon
  4660 | D:5      | Reached skill level 7 in Unarmed Combat
  4703 | D:5      | Reached XP level 8. HP: 7/52 MP: 1/11
  4705 | D:5      | HP: 1/52 [poisoned by a water moccasin]
  5750 | D:4      | Paralysed by Grinder for 3 turns
  5753 | D:4      | HP: 2/52 [Grinder (4)]
  5754 | D:4      | Killed from afar by Grinder

Vault maps used:
D:1:      minmay_arrival_checkered_box, st_stairs_8
D:2:      lemuel_blue_sif_altar
D:3:      yredelemnul_altar_generic, nicolae_dithmenos_through_a_glass_darkly,
          lemuel_crystal_altar, nicolae_ru_the_path_less_chosen, first_bread
D:4:      gammafunk_temple_overflow_forgotten, uniq_natasha, uniq_blork_the_orc,
          uniq_grinder

Action                   |  1- 3 |  4- 6 |  7- 9 || total
-------------------------+-------+-------+-------++-------
Melee: Unarmed           |    82 |   126 |    79 ||   287
 Cast: Beastly Appendage |     6 |     6 |     5 ||    17
       Spider Form       |       |     8 |     9 ||    17
       Sticks to Snakes  |       |       |     2 ||     2
 Abil: End Transformatio |       |       |     2 ||     2
  Use: Scroll            |       |     4 |     2 ||     6
       Potion            |       |       |     3 ||     3
 Stab: Sleeping          |     2 |     2 |     2 ||     6
  Eat: Chunk             |     2 |     7 |     5 ||    14
       Fruit             |     2 |       |       ||     2
       Pizza             |       |     1 |       ||     1
